 Dungeon Crawl Stone Soup version 0.31-a0-40-g1d5085d191 (webtiles) character file.

Game seed: 3127877844695326080

1057 bande the Chopper (level 8, -1/49 HPs)
             Began as a Gargoyle Fighter on May 17, 2023.
             Slain by a yak (11 damage)
             ... on level 5 of the Dungeon on May 18, 2023.
             The game lasted 00:05:44 (4330 turns).

bande the Chopper (Gargoyle Fighter)                Turns: 4330, Time: 00:05:44

Health: -1/49      AC: 18    Str: 20    XL:     8   Next: 27%
Magic:  8/8        EV:  5    Int:  9    God:
Gold:   1119       SH:  5    Dex: 11    Spells: 7/7 levels left

rFire   . . .        a - +1 war axe
rCold   . . .        c - +1 buckler
rNeg    + . .        i - +0 plate armour
rPois   ∞            (no helmet)
rElec   +            (no cloak)
rCorr   .            (no gloves)
SInv    .            (no boots)
Will    .....        (no amulet) Stlth
                     (no ring)
HPRegen 0.28/turn    (no ring)
MPRegen 0.11/turn

%: no passive effects
@: no status effects
A: sickness immunity, AC +5, negative energy resistance 1, electricity
resistance, torment resistance 1, petrification resistance
a: no special abilities


You were on level 5 of the Dungeon.
You visited 2 branches of the dungeon, and saw 6 of its levels.

You collected 1119 gold pieces.

Inventory:

Hand Weapons
 a - a +1 war axe (weapon)
 u - a +0 flail of protection
 w - the +2 long sword "Zulenlie" {flame, Str+3 Dex+2}
   (You found it on level 4 of the Dungeon)

   Str:       It affects your strength (+3).
   Dex:       It affects your dexterity (+2).
Armour
 c - a +1 buckler (worn)
 i - a +0 plate armour (worn)
Wands
 v - a wand of roots (9)
Scrolls
 h - 2 scrolls of teleportation
 n - 2 scrolls of fear
 r - a scroll of poison
 x - 2 scrolls of fog
Potions
 b - a potion of lignification {unknown}
 d - a potion of ambrosia {unknown}
 e - a potion of degeneration {unknown}
 f - 2 potions of heal wounds
 k - 2 potions of magic
 m - 2 potions of curing
 o - a potion of resistance {unknown}
 p - a potion of invisibility {unknown}
 q - a potion of brilliance {unknown}
 z - 2 potions of haste


   Skills:
 + Level 5.1 Fighting
 + Level 6.7 Axes
 + Level 5.6 Armour
 + Level 4.3 Shields


You had 7 spell levels left.
You didn't know any spells.
Your spell library contained the following spells:

 Spells                   Type           Power      Damage    Failure   Level
 Kiss of Death            Conj/Necr      0%         2d5       100%        1
 Confusing Touch          Hex            0%         N/A       100%        3
 Dispel Undead            Necr           0%         3d6       100%        4


Dungeon Overview and Level Annotations

Branches:
Dungeon (5/15)             Temple (1/1) D:4

Altars:
Ashenzari
Cheibriados
Dithmenos
Fedhas
Gozag
Hepliaklqana
Nemelex Xobeh
Okawaru
Qazlal
Ru
Trog
Uskayaw
Vehumet
Wu Jian
Xom
Yredelemnul


Innate Abilities, Weirdness & Mutations

You are immune to sickness and miasma.
Your stone body is resilient. (AC +5)
You are immune to poison.
You resist negative energy. (rN+)
You are resistant to electric shocks. (rElec)
You are resistant to unholy torment.
You are immune to petrification.


Message History

The yak gores you!
The orc drinks a potion.
The orc goes berserk!
You hit the yak.
The yak is moderately wounded.
The yak barely misses you.
Unknown command.
You hit the yak.
The yak is moderately wounded.
The yak gores you.
* * * LOW HITPOINT WARNING * * *
Unknown command.
You hit the yak.
The yak is heavily wounded.
The yak gores you but does no damage.
Unknown command.
You closely miss the yak.
The yak is heavily wounded.
The yak barely misses you.
You feel much better.
Unknown command.
You barely miss the yak. The yak gores you.
You barely miss the yak. The yak gores you but does no damage.
Unknown command.
You barely miss the yak.
You hear a shout!
You block the yak's attack.
Unknown command.
You completely miss the yak. The yak gores you.
Unknown command.
You barely miss the yak. The yak gores you.
You hit the yak.
The yak is lightly wounded.
The yak gores you!
Unknown command.
You hit the yak.
The yak is moderately wounded.
The yak gores you!
* * * LOW HITPOINT WARNING * * *
The orc rages.
The yak gores you!
You die...

## *,**,,,,,* *,*,*,* *,*
*,**,,,,,* *.#.#,* *,*
*,**.,,,,* #.#.#,# *,*
******,**..,,,*##.#.#.# *,*
,,,,,,,,,...,,,.....#.***,* ***
,,,,,,,**....,,*.....,,,*,****,*
,,,,,,,**.....,*#.#.#****,,,,,,*
,,,,,,,**....YY##.#.# ******,*
,,,,,,,*****#YYY@...# *,*
******,,,,*##.###...# *,*
*,,,,..........########**,*
*,,,,..................,,,**
*,,,,.##...............,,,,,
**###,*#.......########*****
#...,#.#####.# # #...,#.#.....#
# #....#.#.....#


You could see 5 yaks.

Vanquished Creatures
  Grinder (D:5)
  A yak (D:5)
  2 ogres
  2 scorpions (D:5)
  A crimson imp (D:4)
  A jelly (D:4)
  A hound (D:4)
  An orc priest (D:4)
  Terence (D:3)
  4 orc wizards
  A hound zombie (D:3)
  4 gnolls (D:3)
  5 adders
  A shadow imp (D:5)
  A white imp (D:4)
  An ufetubus (D:5)
  An adder zombie (D:3)
  5 dart slugs
  9 orcs
  6 bats
  11 endoplasms
  2 giant cockroaches
  6 goblins
  2 hobgoblins (D:1)
  A jackal (D:1)
  5 quokkas
  6 ball pythons
  4 frilled lizards
  6 kobolds
  2 rats
94 creatures vanquished.

Notes
Turn   | Place    | Note
-------+----------+-------------------------------------------
     0 | D:1      | bande the Gargoyle Fighter began the quest for the Orb.
     0 | D:1      | Reached XP level 1. HP: 14/14 MP: 1/1
   161 | D:1      | Reached XP level 2. HP: 19/19 MP: 2/2
   255 | D:1      | Reached skill level 2 in Axes
   361 | D:1      | Reached XP level 3. HP: 23/23 MP: 3/3
  1229 | D:2      | Reached XP level 4. HP: 25/29 MP: 4/4
  1539 | D:3      | Noticed an ogre
  1546 | D:3      | Killed an ogre
  1547 | D:3      | Reached skill level 3 in Axes
  1547 | D:3      | Reached XP level 5. HP: 9/33 MP: 5/5
  2069 | D:3      | Found a basalt altar of Yredelemnul.
  2238 | D:3      | Noticed Terence
  2252 | D:3      | Killed Terence
  2253 | D:3      | Reached skill level 4 in Axes
  2253 | D:3      | Reached XP level 6. HP: 15/38 MP: 6/6
  2593 | D:4      | Identified the +2 long sword "Zulenlie" {flame, Str+3
                  | Dex+2}
  2602 | D:4      | Found a staircase to the Ecumenical Temple.
  2626 | Temple   | Entered the Ecumenical Temple
  3010 | D:4      | Reached skill level 5 in Axes
  3010 | D:4      | Reached XP level 7. HP: 44/44 MP: 7/7
  3672 | D:5      | Entered Level 5 of the Dungeon
  3759 | D:5      | Reached skill level 5 in Armour
  3776 | D:5      | Identified a scroll of acquirement
  3776 | D:5      | Acquired 886 gold pieces
  3868 | D:5      | Found a stormy altar of Qazlal.
  4018 | D:5      | Noticed Grinder
  4031 | D:5      | Paralysed by Grinder for 2 turns
  4036 | D:5      | Paralysed by Grinder for 3 turns
  4039 | D:5      | Killed Grinder
  4040 | D:5      | Reached skill level 6 in Axes
  4040 | D:5      | Reached XP level 8. HP: 41/48 MP: 8/8
  4099 | D:5      | Found a blossoming altar of Fedhas.
  4198 | D:5      | Found an iron altar of Okawaru.
  4200 | D:5      | Found an opulent altar of Gozag.
  4252 | D:5      | Reached skill level 5 in Fighting
  4303 | D:5      | Noticed a yak
  4304 | D:5      | Noticed a yak
  4304 | D:5      | Noticed a yak
  4304 | D:5      | Noticed a yak
  4305 | D:5      | Noticed a yak
  4306 | D:5      | Noticed a yak
  4317 | D:5      | Killed a yak
  4330 | D:5      | Slain by a yak

Illustrated notes

Levels and vault maps discovered:
D:1:      wander_arrival_peaceful_grave, layout_basic, st_stairs_6,
          minmay_pentomino_v4
D:2:      layout_basic
D:3:      layout_rooms, lemuel_zombie_altar_yredelemnul, uniq_terence
D:4:      layout_loops_ring, minmay_temple_entry_ruins, minmay_fire_ice_demons
D:5:      layout_basic, nicolae_overflow_hidden_temple, fedhas_altar_4,
          uniq_grinder
Temple:   minmay_temple_curvy_loop

Skill      XL: |  1  2  3  4  5  6  7  8 |
---------------+-------------------------+-----
Axes           | 2 3 4 5 6 |  6.7
Fighting       | 4 5 |  5.1
Armour         | 4 5 |  5.6
Shields        | 4 |  4.3

Action                     |  1- 3 |  4- 6 |  7- 9 || total
---------------------------+-------+-------+-------++-------
  Melee: War axe           |    96 |   130 |   101 ||   327
    Use: Potion            |       |     1 |     1 ||     2
         Scroll            |       |       |    16 ||    16
 Armour: Plate armour      |    80 |    81 |    58 ||   219
         Scale mail        |     3 |       |       ||     3
  Dodge: Dodged            |    24 |    32 |    26 ||    82
  Block: Buckler           |    17 |    24 |    19 ||    60

Table legend: (Time is in decaauts)
 A = Elapsed time spent in this place.
 B = Non-inter-level travel time spent in this place.
 C = Inter-level travel time spent in this place.
 D = Time resting spent in this place.
 E = Time spent auto-exploring this place.
 F = Levels seen in this place.
 G = Mean time per level.
                   A        B        C        D        E       F      G
               +--------+--------+--------+--------+--------+-----+--------+
         Total |   4439 |   4327 |    112 |    540 |   2917 |   6 |  739.8 |
       Dungeon |   4198 |   4130 |     68 |    540 |   2725 |   5 |  839.6 |
        Temple |    240 |    196 |     44 |      0 |    192 |   1 |  240.0 |
               +--------+--------+--------+--------+--------+-----+--------+

Top non-repeatable levels by time:
     D:2: 1078 daAuts
     D:4: 897 daAuts
     D:3: 846 daAuts
     D:1: 703 daAuts
     D:5: 673 daAuts
  Temple: 240 daAuts
